 Dungeon Crawl Stone Soup version 0.22-a0-348-gd16d139 (webtiles) character file.

240 Kairos the Shield-Bearer (level 6, -9/48 HPs)
             Began as a Formicid Fighter on Apr 7, 2018.
             Killed by nerve-wracking pain
             ... invoked by Grinder
              (12 damage)
             ... on level 3 of the Dungeon.
             The game lasted 00:03:17 (2136 turns).

Kairos the Shield-Bearer (Formicid Fighter)         Turns: 2136, Time: 00:03:18

Health: -9/48      AC: 10    Str: 20    XL:     6   Next: 30%
Magic:  6/6        EV:  8    Int:  8    God:
Gold:   99         SH: 10    Dex: 12    Spells: 5/5 levels left

rFire    . . .     SeeInvis +   a - +0 war axe
rCold    . . .     Gourm    .   c - +0 shield
rNeg     . . .     Faith    .   b - +0 scale mail
rPois    .         Spirit   .   (helmet unavailable)
rElec    .         Reflect  .   (no cloak)
rCorr    .         Harm     .   o - +2 pair of gloves
MR       .....                  (no boots)
Stlth    ..........             (no amulet)
HPRegen  0.16/turn              (no ring)
MPRegen  0.10/turn              (no ring)

@: no status effects
A: permanent stasis, dig shafts and tunnels, four strong arms, antennae 3
a: Dig, Shaft Self


You were on level 3 of the Dungeon.
You were not hungry.

You visited 1 branch of the dungeon, and saw 3 of its levels.

You collected 99 gold pieces.

Inventory:

Hand Weapons
 a - a +0 war axe (weapon)
Armour
 b - a +0 scale mail (worn)
 c - a +0 shield (worn)
 o - a +2 pair of gloves (worn)
Jewellery
 s - an uncursed ring of flight {unknown}
Scrolls
 e - 2 scrolls of remove curse {unknown}
 h - a scroll of random uselessness {unknown}
 k - a scroll of blinking {unknown}
 l - 2 scrolls of amnesia
 q - a scroll of enchant armour {unknown}
Potions
 d - 3 potions of might
 g - a potion of ambrosia {unknown}
 i - 2 potions of invisibility {unknown}
 j - 3 potions of brilliance {unknown}
 m - 2 potions of curing {unknown}
 n - 2 potions of agility {unknown}
 p - a potion of haste {unknown}
 t - a potion of flight {unknown}
Comestibles
 f - 4 rations


   Skills:
 + Level 4.1 Fighting
 + Level 4.1 Axes
 + Level 4.3 Armour
 + Level 0.9 Dodging
 + Level 4.7 Shields


You had 5 spell levels left.
You didn't know any spells.

Dungeon Overview and Level Annotations

Branches:
Dungeon (3/15)

Altars:
Gozag
Nemelex Xobeh
Qazlal
Wu Jian
Yredelemnul
The Shining One

Annotations:
D:3 Grinder


Innate Abilities, Weirdness & Mutations

You cannot be hasted, slowed, berserked, paralysed or teleported.
You can dig through walls and to a lower floor.
Your four strong arms can wield two-handed weapons with a shield.
You have a pair of large antennae on your head. (SInv)


Message History

You closely miss the adder. The adder bites you but does no damage.
Grinder hits you.
You writhe in agony.
The adder barely misses you. Grinder gestures at you.
Pain shoots through your body!
* * * LOW HITPOINT WARNING * * *
You barely miss Grinder.
Grinder is heavily wounded.
You barely miss the adder. You block the adder's attack.
Grinder gestures at you. Pain shoots through your body!
* * * LOW HITPOINT WARNING * * *
The adder bites you but does no damage. You block Grinder's attack.
The adder bites you.
* * * LOW HITPOINT WARNING * * *
You slash the adder!
You kill the adder!
Grinder is nearby!
Grinder gestures at you. Pain shoots through your body!
You die...

######### #.......# ..
#.#####.# ... #.# #.# ...#
#.# #.# ....## #.# #.#
......####.# #.#
#.......##.# ###.#
#......##@# #...#
#.......5.# #.#.#
##.....######.############
#.....# ##...##........†
........#
##.....##.#######
#####.#.. #...♣...'.#
..### ###...##### .##
#..†# #. #...#


You could see Grinder.

Vanquished Creatures
  An ogre (D:2)
  Terence (D:2)
  6 adders
  2 oozes
  2 worms
  A dart slug (D:1)
  2 leopard geckos (D:1)
  3 orcs
  3 ball pythons
  A giant cockroach (D:1)
  8 goblins
  4 hobgoblins
  4 jackals (D:1)
  9 bats
  A frilled lizard (D:2)
  7 kobolds
  5 rats
60 creatures vanquished.

Notes
Turn   | Place    | Note
-------+----------+-------------------------------------------
     0 | D:1      | Kairos the Formicid Fighter began the quest for the Orb.
     0 | D:1      | Reached XP level 1. HP: 18/18 MP: 1/1
    51 | D:1      | Reached XP level 2. HP: 17/24 MP: 2/2
   137 | D:1      | Found a glowing golden altar of the Shining One.
   179 | D:1      | Reached XP level 3. HP: 23/30 MP: 3/3
   837 | D:2      | Reached XP level 4. HP: 36/37 MP: 4/4
   866 | D:2      | Found a basalt altar of Yredelemnul.
  1018 | D:2      | Found a sparkling altar of Nemelex Xobeh.
  1077 | D:2      | Noticed Terence
  1081 | D:2      | Killed Terence
  1159 | D:2      | Noticed an ogre
  1167 | D:2      | Killed an ogre
  1167 | D:2      | Reached XP level 5. HP: 25/42 MP: 5/5
  1693 | D:2      | Found a stormy altar of Qazlal.
  1763 | D:3      | Reached XP level 6. HP: 44/48 MP: 6/6
  1819 | D:3      | Found an opulent altar of Gozag.
  2022 | D:3      | Found an ornate altar of the Wu Jian Council.
  2118 | D:3      | Noticed Grinder
  2132 | D:3      | HP: 2/48 [adder (2)]
  2136 | D:3      | Killed from afar by Grinder

Vault maps used:
D:1:      lightli_arrival_maybe_door_vault, tso_altar
D:2:      old_standard_altar, nicolae_qazlal_eye_of_the_storm,
          yredelemnul_altar_generic, uniq_terence
D:3:      grunt_gozag_breadcrumbs, overflow_temple_1_default,
          grunt_ministairs_14, uniq_grinder

Skill      XL: |  1  2  3  4  5  6 |
---------------+-------------------+-----
Shields        | 4 |  4.7
Axes           | 3 4 |  4.1
Fighting       | 4 |  4.1
Armour         | 4 |  4.3
Dodging        | |  0.9

Action                   |  1- 3 |  4- 6 || total
-------------------------+-------+-------++-------
Melee: War axe           |    85 |   115 ||   200
  Use: Scroll            |       |     2 ||     2
  Eat: Chunk             |       |     4 ||     4
Armor: Scale mail        |    40 |    52 ||    92
Dodge: Dodged            |    32 |    42 ||    74
Block: Shield            |    54 |    58 ||   112

Table legend:
 A = Spawn XP
 B = Non-spawn XP
 C = Spawn XP percentage of total XP
 D = Spawn monster count
 E = Non-spawn monster count
 F = Spawn count percentage of total count
 G = Total turns spent on level
                    A         B        C        D         E        F      G
               +---------+---------+-------+---------+---------+-------+---------
         Total |       0 |     344 |   0.0 |       0 |      60 |   0.0 |  2136
               +---------+---------+-------+---------+---------+-------+---------
           D:1 |       0 |      56 |   0.0 |       0 |      27 |   0.0 |   820
           D:2 |       0 |     210 |   0.0 |       0 |      20 |   0.0 |   941
           D:3 |       0 |      78 |   0.0 |       0 |      13 |   0.0 |   375
               +---------+---------+-------+---------+---------+-------+---------
